% Time on Ice - SALEM BLACK JAYS
Lines # - Real PCT - Wanted PCT - Time Play
Normal Forward
1 - 21% - 36% - 9:34
2 - 35% - 31% - 15:54
3 - 18% - 23% - 8:08
4 - 25% - 10% - 11:14
Normal Defense
1 - 37% - 36% - 16:47
2 - 34% - 31% - 15:03
3 - 26% - 23% - 11:40
4 - 3% - 10% - 1:20
PP Forward
1 - 46% - 55% - 0:55
2 - 54% - 45% - 1:04
PP Defense
1 - 28% - 55% - 0:33
2 - 72% - 45% - 1:26
PK Forward
1 - 60% - 55% - 7:36
2 - 40% - 45% - 5:01
PK Defense
1 - 52% - 55% - 6:32
2 - 48% - 45% - 6:05
PK3 Forward
1 - 0% - 55%
2 - 0% - 45%
PK3 Defense
1 - 0% - 55%
2 - 0% - 45%
44 Forward
1 - 0% - 55%
2 - 0% - 45%
44 Defense
1 - 0% - 55%
2 - 0% - 45%
Last Minute Offensive  - 0:34
Last Minute Defensive  - 0:00
Total
Forward - 60:00
Defense - 60:00
% Time on Ice - SEATTLE GRUNGE
Lines # - Real PCT - Wanted PCT - Time Play
Normal Forward
1 - 23% - 25% - 10:28
2 - 27% - 25% - 12:05
3 - 25% - 25% - 11:15
4 - 24% - 25% - 10:54
Normal Defense
1 - 34% - 34% - 15:06
2 - 29% - 33% - 13:08
3 - 35% - 33% - 15:37
4 - 2% - 0% - 0:51
PP Forward
1 - 66% - 55% - 8:23
2 - 34% - 45% - 4:14
PP Defense
1 - 58% - 55% - 7:20
2 - 42% - 45% - 5:17
PK Forward
1 - 67% - 55% - 1:20
2 - 33% - 45% - 0:39
PK Defense
1 - 66% - 55% - 1:19
2 - 34% - 45% - 0:40
PK3 Forward
1 - 0% - 55%
2 - 0% - 45%
PK3 Defense
1 - 0% - 55%
2 - 0% - 45%
44 Forward
1 - 0% - 55%
2 - 0% - 45%
44 Defense
1 - 0% - 55%
2 - 0% - 45%
Last Minute Offensive  - 0:00
Last Minute Defensive  - 0:42
Total
Forward - 60:00
Defense - 60:00
Play-by-Play 1st period 0:01 of 1st period - Tyler Seguin wins face-off versus Casey Cizikas in neutral zone. 0:35 of 1st period - Shot by Jeff Skinner. 0:35 of 1st period - Shot Misses the Net. 0:58 of 1st period - Off-side. 0:59 of 1st period - Mathew Barzal wins face-off versus Oskar Sundqvist in neutral zone. 1:11 of 1st period - Mathew Barzal is hit by Travis Sanheim and loses puck. 2:56 of 1st period - Shot by Casey Cizikas. 2:56 of 1st period - Stopped by Semyon Varlamov without a rebound. 2:57 of 1st period - Chris Tierney wins face-off versus Mathew Barzal in SEATTLE GRUNGE zone. 3:10 of 1st period - Shot by Roman Josi. 3:10 of 1st period - Shot Misses the Net. 3:12 of 1st period - Shot by Seth Jones. 3:12 of 1st period - Stopped by Mike Smith without a rebound. 3:13 of 1st period - Tyler Seguin wins face-off versus Casey Cizikas in SALEM BLACK JAYS zone. 3:17 of 1st period - Jeff Skinner is hit by Cody Ceci and loses puck. 4:44 of 1st period - Icing by Damon Severson. 4:45 of 1st period - Chris Tierney wins face-off versus Mathew Barzal in SEATTLE GRUNGE zone. 4:49 of 1st period - Off-side. 4:50 of 1st period - Mathew Barzal wins face-off versus Zemgus Girgensons in neutral zone. 5:33 of 1st period - Shot by Mathew Barzal. 5:33 of 1st period - Shot Blocked by Yannick Weber. 5:38 of 1st period - Double Minor Penalty to Kyle Clifford for Roughing. 5:39 of 1st period - Tyler Seguin wins face-off versus Matthew Calvert in SALEM BLACK JAYS zone. 6:00 of 1st period - Shot by Tyler Seguin. 6:00 of 1st period - Stopped by Mike Smith with a rebound. 6:04 of 1st period - Shot by Roman Josi. 6:04 of 1st period - Shot Misses the Net. 7:00 of 1st period - Shot by Damon Severson. 7:00 of 1st period - Stopped by Mike Smith with a rebound. 8:53 of 1st period - Shot by Tyler Seguin. 8:53 of 1st period - Shot Blocked by Adam Larsson. 9:27 of 1st period - Shot by Chris Tierney. 9:27 of 1st period - Stopped by Mike Smith without a rebound. 9:28 of 1st period - Marcus Johansson wins face-off versus Chris Tierney in SALEM BLACK JAYS zone. 9:28 of 1st period - Marcus Johansson is hit by Jason Zucker. 10:01 of 1st period - Shot by Kyle Clifford. 10:01 of 1st period - Deflect By Mikko Rantanen. 10:01 of 1st period - Shot Misses the Net. 10:03 of 1st period - Shot by Mikko Rantanen. 10:03 of 1st period - Shot Misses the Net. 10:25 of 1st period - Shot by Mathew Barzal. 10:25 of 1st period - Shot Misses the Net. 10:27 of 1st period - Shot by Mitchell Marner. 10:27 of 1st period - Shot Blocked by Yannick Weber. 10:34 of 1st period - Icing by Travis Sanheim. 10:35 of 1st period - Oskar Sundqvist wins face-off versus Casey Cizikas in SEATTLE GRUNGE zone. 10:46 of 1st period - Shot by Mikko Rantanen. 10:46 of 1st period - Stopped by Semyon Varlamov without a rebound. 10:47 of 1st period - Casey Cizikas wins face-off versus Zemgus Girgensons in SEATTLE GRUNGE zone. 11:24 of 1st period - Par Lindholm is hit by Damon Severson and loses puck. 11:57 of 1st period - Shot by Mitchell Marner. 11:57 of 1st period - Shot Misses the Net. 11:59 of 1st period - Shot by Mathew Barzal. 11:59 of 1st period - Shot Misses the Net. 12:14 of 1st period - Shot by Mitchell Marner. 12:14 of 1st period - Shot Misses the Net. 12:16 of 1st period - Shot by Mathew Barzal. 12:16 of 1st period - Deflect By Mitchell Marner. 12:16 of 1st period - Stopped by Semyon Varlamov without a rebound. 12:17 of 1st period - Chris Tierney wins face-off versus Trevor Lewis in SEATTLE GRUNGE zone. 12:17 of 1st period - Chris Tierney is hit by Kyle Clifford. 13:38 of 1st period - Shot by Jeff Skinner. 13:38 of 1st period - Shot Blocked by Michal Kempny. 13:40 of 1st period - Shot by Jeff Skinner. 13:40 of 1st period - Stopped by Mike Smith with a rebound. 13:42 of 1st period - Shot by Jeff Skinner. 13:42 of 1st period - Stopped by Mike Smith with a rebound. 13:44 of 1st period - Shot by Tyler Seguin. 13:44 of 1st period - Stopped by Mike Smith without a rebound. 13:44 of 1st period - Minor Penalty to Michal Kempny for Cross-checking. 13:45 of 1st period - Casey Cizikas wins face-off versus Tyler Seguin in SALEM BLACK JAYS zone. 14:01 of 1st period - Shot by Roman Josi. 14:01 of 1st period - Shot Blocked by Adam Larsson. 14:03 of 1st period - Shot by Roman Josi. 14:03 of 1st period - Deflect By Tyler Seguin. 14:03 of 1st period - Shot Blocked by Zach Bogosian. 14:05 of 1st period - Shot by Roman Josi. 14:05 of 1st period - Stopped by Mike Smith without a rebound. 14:06 of 1st period - Chris Tierney wins face-off versus Par Lindholm in SALEM BLACK JAYS zone. 14:15 of 1st period - Shot by Jason Zucker. 14:15 of 1st period - Shot Misses the Net. 14:17 of 1st period - Shot by Michael Frolik. 14:17 of 1st period - Stopped by Mike Smith without a rebound. 14:18 of 1st period - Casey Cizikas wins face-off versus Chris Tierney in SALEM BLACK JAYS zone. 14:27 of 1st period - Shot by Rasmus Dahlin. 14:27 of 1st period - Stopped by Mike Smith without a rebound. 14:28 of 1st period - Casey Cizikas wins face-off versus Tyler Seguin in SALEM BLACK JAYS zone. 15:30 of 1st period - Cody Ceci is hit by Jason Zucker and loses puck. 15:43 of 1st period - Shot by Michael Frolik. 15:43 of 1st period - Stopped by Mike Smith without a rebound. 15:44 of 1st period - Trevor Lewis wins face-off versus Oskar Sundqvist in SALEM BLACK JAYS zone. 16:00 of 1st period - Trevor Lewis is hit by Yannick Weber. 16:17 of 1st period - Mikko Rantanen is hit by Yannick Weber and loses puck. 16:29 of 1st period - Icing by Travis Sanheim. 16:30 of 1st period - Casey Cizikas wins face-off versus Oskar Sundqvist in SEATTLE GRUNGE zone. 16:42 of 1st period - Shot by Zach Bogosian. 16:42 of 1st period - Stopped by Semyon Varlamov without a rebound. 16:43 of 1st period - Mathew Barzal wins face-off versus Chris Tierney in SEATTLE GRUNGE zone. 16:50 of 1st period - Shot by Mathew Barzal. 16:50 of 1st period - Shot Misses the Net. 17:08 of 1st period - Shot by Chris Tierney. 17:08 of 1st period - Shot Misses the Net. 17:10 of 1st period - Shot by Michael Frolik. 17:10 of 1st period - Shot Misses the Net. 17:12 of 1st period - Shot by Roman Josi. 17:12 of 1st period - Shot Misses the Net. 18:14 of 1st period - Shot by Jeff Skinner. 18:14 of 1st period - Shot Blocked by Adam Larsson. 18:38 of 1st period - Shot by Travis Sanheim. 18:38 of 1st period - Stopped by Mike Smith without a rebound. 18:39 of 1st period - Oskar Sundqvist wins face-off versus Mathew Barzal in SALEM BLACK JAYS zone. 18:48 of 1st period - Shot by Oskar Sundqvist. 18:48 of 1st period - Shot Blocked by Michal Kempny. 19:45 of 1st period - Shot by Zemgus Girgensons. 19:45 of 1st period - Shot Misses the Net. 19:54 of 1st period - Minor Penalty to Kyle Clifford for Slashing. 19:55 of 1st period - Par Lindholm wins face-off versus Tyler Seguin in SALEM BLACK JAYS zone. Goals for this period are 0 for SALEM BLACK JAYS vs 0 for SEATTLE GRUNGE. Shots for this period are 4 for SALEM BLACK JAYS vs 12 for SEATTLE GRUNGE. 2nd period 0:01 of 2nd period - Casey Cizikas wins face-off versus Tyler Seguin in neutral zone. 0:06 of 2nd period - Shot by Matthew Calvert. 0:06 of 2nd period - Stopped by Semyon Varlamov without a rebound. 0:07 of 2nd period - Tyler Seguin wins face-off versus Casey Cizikas in SEATTLE GRUNGE zone. 0:14 of 2nd period - Shot by Jeff Skinner. 0:14 of 2nd period - Shot Misses the Net. 0:16 of 2nd period - Shot by Roman Josi. 0:16 of 2nd period - Stopped by Mike Smith without a rebound. 0:17 of 2nd period - Casey Cizikas wins face-off versus Tyler Seguin in SALEM BLACK JAYS zone. 0:17 of 2nd period - Casey Cizikas is hit by Josh Bailey. 1:04 of 2nd period - Shot by Jeff Skinner. 1:04 of 2nd period - Stopped by Mike Smith without a rebound. 1:05 of 2nd period - Chris Tierney wins face-off versus Casey Cizikas in SALEM BLACK JAYS zone. 1:30 of 2nd period - Shot by Michael Frolik. 1:30 of 2nd period - Shot Blocked by Cody Ceci. 1:32 of 2nd period - Shot by Damon Severson. 1:32 of 2nd period - Shot Misses the Net. 1:34 of 2nd period - Shot by Damon Severson. 1:34 of 2nd period - Stopped by Mike Smith without a rebound. 1:35 of 2nd period - Par Lindholm wins face-off versus Tyler Seguin in SALEM BLACK JAYS zone. 1:56 of 2nd period - Mikko Rantanen is hit by Zemgus Girgensons. 2:14 of 2nd period - Shot by Mikko Rantanen. 2:14 of 2nd period - Shot Hit the Post. 3:02 of 2nd period - Shot by Mathew Barzal. 3:02 of 2nd period - Goal by Mathew Barzal - SALEM BLACK JAYS : 1 - SEATTLE GRUNGE : 0. 3:03 of 2nd period - Brett Ritchie wins face-off versus Chris Tierney in neutral zone. 3:21 of 2nd period - Icing by Adam Larsson. 3:22 of 2nd period - Casey Cizikas wins face-off versus Tyler Seguin in SALEM BLACK JAYS zone. 3:29 of 2nd period - Shot by Par Lindholm. 3:29 of 2nd period - Shot Misses the Net. 3:31 of 2nd period - Shot by Casey Cizikas. 3:31 of 2nd period - Stopped by Semyon Varlamov without a rebound. 3:32 of 2nd period - Mathew Barzal wins face-off versus Jason Zucker in SEATTLE GRUNGE zone. 4:02 of 2nd period - Shot by Mathew Barzal. 4:02 of 2nd period - Stopped by Semyon Varlamov with a rebound. 4:04 of 2nd period - Shot by Mathew Barzal. 4:04 of 2nd period - Shot Misses the Net. 5:14 of 2nd period - Shot by Mikko Rantanen. 5:14 of 2nd period - Stopped by Semyon Varlamov without a rebound. 5:15 of 2nd period - Trevor Lewis wins face-off versus Oskar Sundqvist in SEATTLE GRUNGE zone. 5:37 of 2nd period - Travis Sanheim is hit by Kyle Clifford and loses puck. 5:49 of 2nd period - Mikko Rantanen is hit by Yannick Weber and loses puck. 6:04 of 2nd period - Travis Sanheim is hit by Brett Ritchie and loses puck. 6:17 of 2nd period - Shot by Casey Cizikas. 6:17 of 2nd period - Shot Misses the Net. 6:19 of 2nd period - Shot by Par Lindholm. 6:19 of 2nd period - Shot Misses the Net. 6:21 of 2nd period - Shot by Cody Ceci. 6:21 of 2nd period - Shot Misses the Net. 6:23 of 2nd period - Shot by Joshua Morrissey. 6:23 of 2nd period - Shot Blocked by Yannick Weber. 6:25 of 2nd period - Shot by Cody Ceci. 6:25 of 2nd period - Deflect By Casey Cizikas. 6:25 of 2nd period - Shot Misses the Net. 6:36 of 2nd period - Icing by Travis Sanheim. 6:37 of 2nd period - Mitchell Marner wins face-off versus Steve Bernier in SEATTLE GRUNGE zone. 7:11 of 2nd period - Icing by Zach Bogosian. 7:12 of 2nd period - Chris Tierney wins face-off versus Mathew Barzal in SALEM BLACK JAYS zone. 7:33 of 2nd period - Shot by Mitchell Marner. 7:33 of 2nd period - Shot Misses the Net. 7:45 of 2nd period - Shot by Cody Ceci. 7:45 of 2nd period - Shot Misses the Net. 7:47 of 2nd period - Shot by Joshua Morrissey. 7:47 of 2nd period - Shot Misses the Net. 7:49 of 2nd period - Shot by Cody Ceci. 7:49 of 2nd period - Stopped by Semyon Varlamov without a rebound. 7:50 of 2nd period - Casey Cizikas wins face-off versus Jeff Skinner in SEATTLE GRUNGE zone. 8:08 of 2nd period - Icing by Rasmus Dahlin. 8:09 of 2nd period - Casey Cizikas wins face-off versus Tyler Seguin in SEATTLE GRUNGE zone. 8:09 of 2nd period - Casey Cizikas is hit by Rasmus Dahlin. 8:11 of 2nd period - Shot by Par Lindholm. 8:11 of 2nd period - Shot Blocked by Damon Severson. 8:13 of 2nd period - Shot by Par Lindholm. 8:13 of 2nd period - Stopped by Semyon Varlamov without a rebound. 8:14 of 2nd period - Casey Cizikas wins face-off versus Zemgus Girgensons in SEATTLE GRUNGE zone. 8:15 of 2nd period - Shot by Mikko Rantanen. 8:15 of 2nd period - Shot Blocked by Seth Jones. 8:17 of 2nd period - Shot by Mikko